 Dungeon Crawl Stone Soup version 0.31.0-32-g396128a36d (webtiles) character file.

Game seed: 1161141569964068052

331 Ijustatesigmund the Trooper (level 6, -6/63 HPs)
             Began as an Oni Conjurer on Mar 12, 2024.
             Was an Initiate of Cheibriados.
             Mangled by Edmund
             ... wielding a +3 flail of protection
              (12 damage)
             ... on level 4 of the Dungeon.
             The game lasted 00:08:15 (3536 turns).

Ijustatesigmund the Trooper (Oni Conjurer)          Turns: 3536, Time: 00:08:16

Health: -6/63      AC:  6    Str: 11 (13) XL:     6   Next: 52%
Magic:  12/12      EV:  9    Int: 22      God:    Cheibriados [......]
Gold:   133        SH:  0    Dex:  7 (8)  Spells: 7/14 levels left

rFire   . . .        c - +0 spear
rCold   . . .        (no shield)
rNeg    . . .        a - +0 robe
rPois   .            (helmet restricted)
rElec   .            r - +2 cloak
rCorr   .            (gloves unavailable)
SInv    .            (boots unavailable)
Will    .....        n - amulet of regeneration
Stlth   +            (no ring)
HPRegen 1.10/turn    (no ring)
MPRegen 0.13/turn

%: random rage (3%)
@: very slow
A: large, unfitting armour, horns 1, tough skin 1, double potion healing,
drunken brawling, berserk 1, sense surroundings 1
a: Renounce Religion


You were on level 4 of the Dungeon.
You worshipped Cheibriados.
Cheibriados was noncommittal.
You visited 2 branches of the dungeon, and saw 5 of its levels.

You collected 133 gold pieces.

Inventory:

Hand Weapons
 c - a +0 spear (weapon)
Armour
 a - a +0 robe (worn)
 r - a +2 cloak (worn)
Jewellery
 e - a ring of ice
 n - an amulet of regeneration (around neck)
Scrolls
 b - a scroll of summoning {unknown}
 f - a scroll of poison {unknown}
 h - a scroll of revelation {unknown}
 j - a scroll of immolation {unknown}
 l - a scroll of teleportation {unknown}
 p - 3 scrolls of identify {unknown}
 s - 2 scrolls of fear {unknown}
 t - a scroll of enchant weapon {unknown}
Potions
 k - a potion of resistance
 m - a potion of curing


   Skills:
 + Level 4.6 Fighting
 - Level 1.7 Dodging
 - Level 1.4 Stealth
 + Level 4.6 Spellcasting
 - Level 4.2 Conjurations
 + Level 1.7 Translocations
 + Level 2.0 Invocations


You had 7 spell levels left.
You knew the following spells:

 Your Spells              Type           Power      Damage    Failure   Level
a - Magic Dart            Conj           92%        1d7       1%          1
b - Searing Ray           Conj           46%        2d6       2%          2
c - Iskenderun's Mystic   Conj/Tloc      18%        2d6       30%         4

Your spell library contained the following spells:

 Spells                   Type           Power      Damage    Failure   Level
 Lesser Beckoning         Tloc           24%        N/A       8%          2
 Gell's Gravitas          Tloc           12%        N/A       16%         3
 Teleport Other           Tloc           12%        N/A       16%         3
 Fulminant Prism          Conj/Alch      7%         3d6       41%         4


Dungeon Overview and Level Annotations

Branches:
Dungeon (4/15)             Temple (1/1) D:4

Altars:
Ashenzari
Cheibriados
Dithmenos
Elyvilon
Fedhas
Gozag
Hepliaklqana
Kikubaaqudgha
Makhleb
Nemelex Xobeh
Okawaru
Ru
Sif Muna
Uskayaw
Vehumet
Wu Jian
Xom
Yredelemnul
Zin
The Shining One

Annotations:
D:4 Edmund


Innate Abilities, Weirdness & Mutations

You are too large for most types of armour.
You have a pair of small horns on your head.
You have tough skin. (AC +1)
You gain doubled healing and magic from potions.
Whenever you drink a healing potion, you attack all around you.
You sometimes lose your temper in combat.
You passively map a small area around you.


Message History

You hit Edmund but do no damage.
Edmund is heavily wounded.
Edmund hits you but does no damage.
You hit Edmund but do no damage.
Edmund is heavily wounded.
Edmund hits you with a +3 flail of protection!
You hit Edmund.
Edmund is heavily wounded.
Edmund hits you with a +3 flail of protection.
You hit Edmund but do no damage.
Edmund is heavily wounded.
You feel less wooden.
Your +2 cloak unmelds from your body.
Your +0 robe unmelds from your body.
Edmund hits you with a +3 flail of protection!
You hit Edmund but do no damage.
Edmund is heavily wounded.
Edmund hits you with a +3 flail of protection.
You hit Edmund.
Edmund is severely wounded.
Edmund hits you with a +3 flail of protection.
You closely miss Edmund. You headbutt Edmund, but do no damage.
Your punch misses Edmund.
Edmund is severely wounded.
Edmund hits you with a +3 flail of protection!
* * * LOW HITPOINT WARNING * * *
You hit Edmund but do no damage. Your headbutt misses Edmund.
Edmund is severely wounded.
Edmund hits you with a +3 flail of protection!
* * * LOW HITPOINT WARNING * * *
You hit Edmund but do no damage.
Edmund is severely wounded.
Edmund hits you but does no damage.
Edmund hits you with a +3 flail of protection.
* * * LOW HITPOINT WARNING * * *
You feel less attractive to monsters.
You hit Edmund.
Edmund is severely wounded.
Edmund hits you with a +3 flail of protection!
You die...
Edmund says, "I'd like to see a scythe do that!"

** ######### * ,,,,
......... , *
####.. , ** ##.# ,
################...
*
#.@.>............#.
*
#@##############...
#. ##.# ,.. #..
*#.#* ### #. #.
############ #.
#.<).....([. ,
.......##########


You could see Edmund.

Vanquished Creatures
  Duvessa (D:4)
  Dowan (D:4)
  A bombardier beetle (D:3)
  An iguana (D:4)
  An orc wizard (D:4)
  3 adders
  A ribbon worm (D:3)
  A dart slug (D:3)
  4 orcs
  A bat (D:3)
  5 endoplasms
  2 giant cockroaches
  5 goblins
  6 hobgoblins
  14 kobolds
  3 quokkas
  5 ball pythons
  4 frilled lizards
  6 rats
65 creatures vanquished.

Notes
Turn   | Place    | Note
-------+----------+-------------------------------------------
     0 | D:1      | Ijustatesigmund the Oni Conjurer began the quest for the
                  | Orb.
     0 | D:1      | Reached XP level 1. HP: 16/16 MP: 3/3
    27 | D:1      | Reached skill level 1 in Fighting
   270 | D:1      | Reached XP level 2. HP: 27/27 MP: 1/5
   572 | D:1      | Learned a level 2 spell: Searing Ray
  1105 | D:2      | Reached XP level 3. HP: 26/35 MP: 1/7
  1724 | D:2      | Reached XP level 4. HP: 44/44 MP: 1/9
  2051 | D:2      | Identified the +0 leather armour of Filth {rN+ Dex+5
                  | Slay+5}
  2410 | D:3      | Reached XP level 5. HP: 53/53 MP: 5/10
  2479 | D:3      | Learned a level 4 spell: Iskenderun's Mystic Blast
  3000 | D:4      | Found a staircase to the Ecumenical Temple.
  3033 | Temple   | Entered the Ecumenical Temple
  3040 | Temple   | Became a worshipper of Cheibriados the Contemplative
  3067 | D:4      | Noticed Duvessa
  3067 | D:4      | Noticed Dowan
  3105 | D:4      | Killed Dowan
  3106 | D:4      | Reached skill level 1 in Translocations
  3109 | D:4      | Killed Duvessa
  3110 | D:4      | Reached skill level 1 in Invocations
  3110 | D:4      | Reached XP level 6. HP: 31/63 MP: 0/12
  3487 | D:4      | Noticed Edmund
  3506 | D:4      | Gained mutation: You sometimes lose your temper in combat.
                  | [potion of mutation]
  3506 | D:4      | Gained mutation: You passively map a small area around you.
                  | [potion of mutation]
  3536 | D:4      | Mangled by Edmund

Illustrated notes

Levels and vault maps discovered:
D:1:      scummos_arrival_hexagon, layout_basic, minmay_heptomino_d4
D:2:      layout_rooms
D:3:      minmay_door_path, layout_rooms, due_unseen_surprise
D:4:      layout_loops_ring, minmay_temple_entry_mini_moons, uniq_duvessa,
          uniq_edmund, uniq_crazy_yiuf_cottage
Temple:   nicolae_temple_bog_church

Skill      XL: |  1  2  3  4  5  6 |
---------------+-------------------+-----
Fighting       | 1 2 3 4 |  4.6
Spellcasting   | 3 4 |  4.6
Conjurations   | 4 |  4.2
Translocations | 1 |  1.7
Invocations    | 1 2 |  2.0
Dodging        | |  1.7
Stealth        | |  1.4

Action                     |  1- 3 |  4- 6 || total
---------------------------+-------+-------++-------
  Melee: Unarmed           |    11 |       ||    11
         Dagger            |    25 |       ||    25
         Headbutt          |     6 |     4 ||    10
         Spear             |    11 |    77 ||    88
         Punch             |       |     3 ||     3
   Cast: Magic Dart        |    69 |    43 ||   112
         Searing Ray       |       |     8 ||     8
         Iskenderun's Myst |       |     1 ||     1
    Use: Potion            |       |    10 ||    10
   Stab: Sleeping          |     1 |     4 ||     5
 Armour: Robe              |    40 |    64 ||   104
         Skin              |       |    40 ||    40
  Dodge: Dodged            |    13 |    26 ||    39
